 Dungeon Sprint DCSS version 0.21.0-3-g78d12a8bdd (webtiles) character file.

18373 Quolop the Ninja (level 12, 0/51 HPs)
             Began as a Spriggan Earth Elementalist on Jan 13, 2018.
             Was the Champion of Dithmenos.
             Killed by divine providence
             ... invoked by a daeva
              (10 damage)
             ... in the Dungeon (Sprint I: "Red Sonja").
             The game lasted 00:13:19 (2468 turns).

Quolop the Ninja (Spriggan Earth Elementalist)      Turns: 2468, Time: 00:13:19

Health: 0/51       AC:  7    Str:  6    XL:     12   Next: 27%
Magic:  19/31      EV: 30    Int: 18    God:    Dithmenos [******]
Gold:   2385       SH:  0    Dex: 18    Spells: 28/40 levels left

rFire    . . .     SeeInvis +   a - +0 dagger
rCold    + + +     Gourm    .   (shield restricted)
rNeg     + . .     Faith    .   v - +4 skin of Zhor {rC+++}
rPois    +         Spirit   .   (helmet restricted)
rElec    +         Reflect  .   o - +0 cloak
rCorr    .         Harm     .   (gloves unavailable)
MR       +++..     NoTele   +   (boots unavailable)
Stlth    +++++++++.             (no amulet)
HPRegen  0.17/turn              f - ring "Milir" {*Contam rElec rPois rC+ MR+}
MPRegen  0.22/turn              m - ring of positive energy

@: very quick
A: very small, unfitting armour, see invisible, herbivore, speed 3, slow
metabolism 2
a: Shadow Step, Shadow Form, Renounce Religion


You were in the Dungeon.
You worshipped Dithmenos.
Dithmenos was exalted by your worship.
You were not hungry.

You visited 1 branch You collected 4624 gold pieces.
You spent 2239 gold pieces at shops.

Inventory:

Hand Weapons
 a - a +0 dagger (weapon)
 g - a +0 blowgun
 t - a +1 rapier of holy wrath
 u - a +2 dagger of speed
Missiles
 b - 121 stones (quivered)
 i - 5 curare-tipped needles
Armour
 c - a +0 robe
 o - a +0 cloak (worn)
 p - a +2 robe of magic resistance
 v - the +4 skin of Zhor (worn) {rC+++}
   (You bought it in a shop in the Dungeon)

   It renders you almost immune to cold.
Jewellery
 f - the ring "Milir" (left hand) {*Contam rElec rPois rC+ MR+}
   (You bought it in a shop in the Dungeon)

   [ring of poison resistance]

   It protects you from cold.
   It insulates you from electricity.
   It protects you from poison.
   It affects your resistance to hostile enchantments.
   It causes magical contamination when unequipped.
 m - a ring of positive energy (right hand)
Wands
 r - a wand of digging (2)
Scrolls
 j - a scroll of blinking
 n - a scroll of amnesia
 w - a scroll of remove curse
Potions
 e - 3 potions of curing
 h - a potion of magic
 l - 2 potions of might {unknown}
 q - a potion of ambrosia {unknown}
 s - a potion of brilliance {unknown}
 x - a potion of flight
 A - a potion of invisibility
Books
 k - a book of Geomancy

   Spells                             Type                      Level
   a - Sandblast                      Earth                        1
   b - Passwall                       Transmutation/Earth          2
   c - Stone Arrow                    Conjuration/Earth            3
   d - Petrify                        Transmutation/Earth          4
   e - Lee's Rapid Deconstruction     Earth                        5
Comestibles
 d - 3 rations


   Skills:
 * Level 10.7 Short Blades
 * Level 13.7 Dodging
 O Level 27 Stealth
 - Level 0.5 Unarmed Combat
 + Level 14.5 Spellcasting
 + Level 10.5 Transmutations
 + Level 13.4 Earth Magic


You had 28 spell levels left.
You knew the following spells:

 Your Spells              Type           Power        Failure   Level  Hunger
a - Sandblast             Erth           ######       1%          1    None
b - Passwall              Tmut/Erth      ######....   1%          2    None
c - Petrify               Tmut/Erth      ######..     1%          4    None
d - Lee's Rapid Deconstr  Erth           ######....   1%          5    ####...


Dungeon Overview and Level Annotations

Branches:
Dungeon (1/1)

Altars:
Cheibriados
Dithmenos
Elyvilon
Fedhas
Gozag
Hepliaklqana
Kikubaaqudgha
Makhleb
Nemelex Xobeh
Okawaru
Qazlal
Ru
Sif Muna
Trog
Uskayaw
Vehumet
Wu Jian
Xom
Yredelemnul
Zin
The Shining One
Jiyva
Lugonu

Shops:
D !:![}((:?(%[=%[[[!


Innate Abilities, Weirdness & Mutations

You are very small and have problems with some larger weapons.
You are too small for most types of armour.
You have supernaturally acute eyesight. (SInv)
You are a herbivore.
You cover ground extremely quickly.
You need consume almost no food.


Message History

Confirm with . or Enter, or press ? or * to list all spells.
You don't have enough magic to cast that spell.
You feel much better.
The daeva calls down the wrath of the Shining One upon you.
The Shining One smites you! Magic courses through your body.
The daeva calls down the wrath of the Shining One upon you.
The Shining One smites you!
* * * LOW HITPOINT WARNING * * *
You emit a cloud of dark smoke.
Casting: Lee's Rapid Deconstruction
Confirm with . or Enter, or press ? or * to list all spells.
Aiming: Lee's Rapid Deconstruction
Press: ? - help, Dir - move target cursor The wall shatters!
The blast of rock fragments hits the daeva.
The daeva is almost dead.
The daeva calls down the wrath of the Shining One upon you.
The Shining One smites you!
You die...

#...##'#§####§§§..##..'^^#§§§.##
#)..'.§#§#.###§§§#######+#§.§§.##
#####.§§§#'#.###'# /$## #$§§§§#.
#§§##'####^....#.##$$$# ##§§§§#)
'§§#...^.#...###.§§##$# ###§##§
#§.#....)'.....##§#.#$# #§###
##'###§)§#.....#A§###$# ##'#.§
##.'.#§§.###++##§##..$# ##§§§.§
[###.#..###..###@§#+### #...^^^
.∩##.#§§####..###§§.# ##.§§§§§
####§##'#..#§§#.###.# #......)
..##§##(#....§....#.# #§§§..}§
...§§####.........#.# ##.^.^.^
####§#?.'.§§...####+# #.....§
..§#§#####§..### ##..... ..#§§#
##### ##[..) .≈#### #####


You could see a daeva.

Vanquished Creatures
  A golden dragon (D)
  A shadow dragon (D)
  A lorocyproca (D)
  A hydra (D)
  2 centaur warriors (D)
  Sonja (D)
  A deep troll (D)
  7 unseen horrors (D)
  A lindwurm (D)
  An oklob plant (D)
  A gargoyle (D)
  2 kobold demonologists (D)
  3 demonic crawlers (D)
  A meliai (D)
  A hornet (D)
  A slime creature (D)
  2 redbacks (D)
  Sigmund (D)
  A yak (D)
  13 hogs (D)
  3 floating eyes (D)
  7 necrophages (D)
  An ogre (D)
  8 jellies (D)
  Ijyb (D)
  A ballistomycete (D)
  A ballistomycete spore (D)
65 creatures vanquished.

Vanquished Creatures (others)
  A ballistomycete spore (D)
1 creature vanquished.

Grand Total: 66 creatures vanquished

Notes
Turn   | Place    | Note
-------+----------+-------------------------------------------
     0 | D        | Quolop the Spriggan Earth Elementalist began the quest for the Orb.
     0 | D        | Reached XP level 1. HP: 9/9 MP: 5/5
     1 | D        | Noticed Ijyb
    22 | D        | Killed Ijyb
    22 | D        | Reached XP level 2. HP: 9/13 MP: 4/8
    56 | D        | Learned a level 2 spell: Passwall
   175 | D        | Noticed an ogre
   181 | D        | Killed an ogre
   181 | D        | Reached skill level 11 in Stealth
   181 | D        | Reached XP level 3. HP: 2/16 MP: 5/9
   181 | D        | Reached XP level 4. HP: 3/21 MP: 6/11
   453 | D        | Found a stormy altar of Qazlal.
   453 | D        | Found a blossoming altar of Fedhas.
   453 | D        | Found a bloodstained altar of Trog.
   453 | D        | Found an iron altar of Okawaru.
   453 | D        | Found a glowing golden altar of the Shining One.
   453 | D        | Found Qiosyu's Book Emporium.
   453 | D        | Found a glowing silver altar of Zin.
   453 | D        | Found an ancient bone altar of Kikubaaqudgha.
   453 | D        | Found a white marble altar of Elyvilon.
   453 | D        | Found a hazy altar of Hepliaklqana.
   453 | D        | Found a hide-covered altar of Uskayaw.
   453 | D        | Found a basalt altar of Yredelemnul.
   453 | D        | Found a sparkling altar of Nemelex Xobeh.
   453 | D        | Found an opulent altar of Gozag.
   453 | D        | Found a snail-covered altar of Cheibriados.
   453 | D        | Found a sacrificial altar of Ru.
   453 | D        | Found a shadowy altar of Dithmenos.
   453 | D        | Noticed a yak
   453 | D        | Killed a yak
   453 | D        | Reached skill level 15 in Stealth
   453 | D        | Reached XP level 5. HP: 24/24 MP: 9/12
   458 | D        | Became a worshipper of Dithmenos the Shadowed
   466 | D        | Learned a level 4 spell: Petrify
   478 | D        | Found a deep blue altar of Sif Muna.
   478 | D        | Found a radiant altar of Vehumet.
   478 | D        | Found an ornate altar of the Wu Jian Council.
   481 | D        | Reached skill level 16 in Stealth
   481 | D        | Reached skill level 5 in Earth Magic
   481 | D        | Reached XP level 6. HP: 28/28 MP: 13/13
   514 | D        | Noticed Sonja
   514 | D        | Killed Sonja
   514 | D        | Reached skill level 18 in Stealth
   514 | D        | Reached XP level 7. HP: 32/32 MP: 11/18
   562 | D        | Found Ekyzijeuwi's Distillery.
   605 | D        | Noticed a deep troll
   605 | D        | Killed a deep troll
   605 | D        | Reached * piety under Dithmenos
   605 | D        | Reached skill level 19 in Stealth
   605 | D        | Reached XP level 8. HP: 36/36 MP: 17/21
   617 | D        | Found Cach's Armour Emporium.
   622 | D        | Bought a +0 cloak for 58 gold pieces
   622 | D        | Bought a +2 robe of magic resistance for 230 gold pieces
   648 | D        | Noticed a centaur warrior
   648 | D        | Noticed a centaur warrior
   648 | D        | Killed a centaur warrior
   648 | D        | Reached skill level 20 in Stealth
   648 | D        | Reached skill level 5 in Transmutations
   648 | D        | Reached skill level 10 in Earth Magic
   648 | D        | Reached XP level 9. HP: 39/39 MP: 19/23
   650 | D        | Killed a centaur warrior
   650 | D        | Reached skill level 21 in Stealth
   675 | D        | Reached ** piety under Dithmenos
   675 | D        | Reached skill level 22 in Stealth
   687 | D        | Noticed an oklob plant
   689 | D        | Killed an oklob plant
   689 | D        | Reached skill level 10 in Spellcasting
   718 | D        | Noticed Sigmund
   718 | D        | Killed Sigmund
   733 | D        | Found a viscous altar of Jiyva.
   733 | D        | Found a corrupted altar of Lugonu.
   733 | D        | Found a burning altar of Makhleb.
   733 | D        | Found a shimmering altar of Xom.
   733 | D        | Reached *** piety under Dithmenos
   733 | D        | Reached skill level 23 in Stealth
   749 | D        | Noticed a kobold demonologist
   749 | D        | Noticed a kobold demonologist
   750 | D        | Killed a kobold demonologist
   750 | D        | Reached XP level 10. HP: 44/44 MP: 22/25
   775 | D        | Noticed a lindwurm
   784 | D        | Killed a lindwurm
   784 | D        | Reached **** piety under Dithmenos
   784 | D        | Reached skill level 24 in Stealth
   918 | D        | Learned a level 5 spell: Lee's Rapid Deconstruction
   934 | D        | Noticed an unseen horror
   934 | D        | Noticed an unseen horror
   934 | D        | Killed an unseen horror
   935 | D        | Killed an unseen horror
   935 | D        | Reached skill level 25 in Stealth
   949 | D        | Reached ***** piety under Dithmenos
   997 | D        | Reached skill level 1 in Short Blades
  1004 | D        | Reached skill level 5 in Dodging
  1136 | D        | Reached ****** piety under Dithmenos
  1138 | D        | Reached skill level 26 in Stealth
  1211 | D        | Found Kiseniu's Antique Armour Shoppe.
  1211 | D        | Found Qetityaq's Distillery.
  1211 | D        | Found Jiodif's Gadget Boutique.
  1213 | D        | Found Ucvoiczu's Antique Weapon Emporium.
  1213 | D        | Found Vusiuhut's Antique Weapon Shop.
  1213 | D        | Found Ackeonwar's Book Shoppe.
  1213 | D        | Found Esuan's Magic Scroll Boutique.
  1213 | D        | Found Yfus's Weapon Emporium.
  1213 | D        | Found Jelea's Food Shop.
  1213 | D        | Found Ovif's Armour Shoppe.
  1217 | D        | Found Keziogei's Jewellery Boutique.
  1218 | D        | Bought a runed rapier for 168 gold pieces
  1218 | D        | Found Oschuum's Armour Emporium.
  1218 | D        | Found Widemu's Food Boutique.
  1219 | D        | Bought a runed dagger for 80 gold pieces
  1219 | D        | Found Zawiubis's Antique Armour Emporium.
  1226 | D        | Bought the +4 skin of Zhor {rC+++} for 685 gold pieces
  1226 | D        | Found the +4 skin of Zhor {rC+++}
  1246 | D        | Bought the ring "Milir" {*Contam rElec rPois rC+ MR+} for 492 gold pieces
  1246 | D        | Bought an uncursed ring of positive energy for 240 gold pieces
  1581 | D        | Noticed a gargoyle
  1585 | D        | Killed a gargoyle
  1585 | D        | Reached XP level 11. HP: 47/47 MP: 27/27
  1600 | D        | Noticed a lorocyproca
  1606 | D        | Killed a lorocyproca
  1852 | D        | Reached skill level 27 in Stealth
  1858 | D        | Reached skill level 5 in Short Blades
  1868 | D        | Noticed a 12-headed hydra
  1870 | D        | Killed a 12-headed hydra
  2156 | D        | Noticed a shadow dragon
  2156 | D        | Noticed a golden dragon
  2158 | D        | Killed a golden dragon
  2158 | D        | Reached skill level 10 in Transmutations
  2160 | D        | Killed a shadow dragon
  2160 | D        | Reached XP level 12. HP: 51/51 MP: 24/31
  2221 | D        | Found Noicenumi's Distillery.
  2237 | D        | Bought a potion of flight for 33 gold pieces
  2237 | D        | Bought a potion of heal wounds for 55 gold pieces
  2237 | D        | Bought a potion of invisibility for 88 gold pieces
  2237 | D        | Bought a potion of resistance for 110 gold pieces
  2440 | D        | Noticed a daeva
  2448 | D        | Reached skill level 10 in Short Blades
  2468 | D        | Killed from afar by a daeva

Skill      XL: |  1  2  3  4  5  6  7  8  9 10 11 12 |
---------------+-------------------------------------+-----
Dodging        | 4 6 12 13 | 13.7
Spellcasting   | 4 7 8 9 10 11 14 | 14.5
Earth Magic    | 4 5 8 9 10 11 12 13 | 13.4
Stealth        | 11 15 16 18 19 20 23 26 27 | 27.0
Transmutations | 3 4 5 7 8 10 | 10.5
Short Blades   | 3 9 10 | 10.7
Unarmed Combat | |  0.5

Action                   |  1- 3 |  4- 6 |  7- 9 | 10-12 || total
-------------------------+-------+-------+-------+-------++-------
Melee: Unarmed           |    15 |       |       |       ||    15
       Dagger            |     1 |     3 |     9 |    78 ||    91
 Cast: Sandblast         |     3 |     1 |       |     7 ||    11
       Passwall          |     1 |     2 |     6 |     5 ||    14
       Petrify           |       |       |       |    14 ||    14
       Lee's Rapid Decon |       |       |       |     8 ||     8
Invok: Shadow Step       |       |       |       |     3 ||     3
  Use: Potion            |     2 |       |       |     4 ||     6
       Scroll            |       |       |       |     3 ||     3
 Stab: Sleeping          |     1 |     3 |     9 |    39 ||    52
       Petrified         |       |       |       |     7 ||     7
       Petrifying        |       |       |       |     2 ||     2
  Eat: Ration            |       |       |       |     1 ||     1
Armor: Robe              |     1 |       |       |       ||     1
       Animal skin       |       |       |       |     3 ||     3
Dodge: Dodged            |     8 |       |       |    37 ||    45
